 Dungeon Crawl Stone Soup version 0.19.5 (webtiles) character file.

452 greprep the Cutter (level 6, -1/51 HPs)
             Began as a Draconian Skald on Apr 30, 2017.
             Was a Follower of the Shining One.
             Slain by a gnoll
             ... wielding a +0 flail
              (9 damage)
             ... on level 5 of the Dungeon.
             The game lasted 00:16:59 (4311 turns).

greprep the Cutter (Draconian Skald)                Turns: 4311, Time: 00:17:00

Health: -1/51      AC:  6    Str: 17    XL:     6   Next: 75%
Magic:  9/9        EV: 14    Int: 12    God:    the Shining One [*.....]
Gold:   100        SH:  0    Dex: 19    Spells: 1 memorised, 8 levels left

rFire  . . .     SeeInvis .     o - +4 dagger
rCold  . . .     Gourm    +     (armour unavailable)
rNeg   . . .     Faith    .     (no shield)
rPois  .         Spirit   .     (helmet restricted)
rElec  .         Reflect  .     (no cloak)
rCorr  .         Harm     .     (no gloves)
MR     .....                    (no boots)
Stlth  +.........               l - amulet of the gourmand
                                u - +5 ring of dexterity
                                p - +4 ring of dexterity

@: glowing
A: unfitting armour, cold-blooded, AC +6
a: Renounce Religion


You were on level 5 of the Dungeon.
You worshipped the Shining One.
The Shining One was aware of your devotion.
You were not hungry.

You visited 1 branch of the dungeon, and saw 5 of its levels.

You collected 100 gold pieces.

Inventory:

Hand Weapons
 a - a +0 hand axe
 f - a +0 spear
 o - a +4 dagger (weapon)
Jewellery
 l - an amulet of the gourmand (around neck)
 p - a +4 ring of dexterity (left hand)
 t - an uncursed amulet of harm {unknown}
 u - a +5 ring of dexterity (right hand)
Scrolls
 e - a scroll of teleportation
 i - 4 scrolls of remove curse
 k - 2 scrolls of fog {unknown}
 m - 5 scrolls of enchant weapon {unknown}
Potions
 n - 2 potions of curing
 q - a potion of cancellation
 s - a potion of lignification
Books
 b - a book of Battle

   Spells                             Type                      Level
   a - Infusion                       Charms                       1
   b - Shroud of Golubria             Charms/Translocation         2
   c - Song of Slaying                Charms                       2
   d - Spectral Weapon                Hexes/Charms                 3
   e - Regeneration                   Charms/Necromancy            3
Comestibles
 c - 2 bread rations
 g - 2 slices of pizza
 j - 2 meat rations
 r - a royal jelly


   Skills:
 + Level 3.5 Fighting
 * Level 4.6 Short Blades
 - Level 2.6 Axes
 + Level 3.3 Dodging
 + Level 0.4 Stealth
 + Level 2.2 Spellcasting
 + Level 2.9 Charms


You had 8 spell levels left.
You knew the following spells:

 Your Spells              Type           Power        Failure   Level  Hunger
a - Infusion              Chrm           #...         10%         1    ##.....


Dungeon Overview and Level Annotations

Branches:
Dungeon (5/15)
 Temple: D:4-7

Altars:
Elyvilon
Gozag
Yredelemnul
The Shining One


Innate Abilities, Weirdness & Mutations

Your plain brown scales are hard. (AC +6)
You cannot fit into any form of body armour.
You are cold-blooded and may be slowed by cold attacks.


Message History

The gnoll closely misses you.
You hit the gnoll but do no damage.
The gnoll is severely wounded.
You hit the gnoll but do no damage.
The gnoll is severely wounded.
The gnoll hits you with a flail!
* * * LOW HITPOINT WARNING * * *
You hit the gnoll but do no damage.
The gnoll is severely wounded.
The gnoll hits you with a flail!
* * * LOW HITPOINT WARNING * * *
You hit the gnoll but do no damage. You tail-slap the gnoll.
The gnoll is severely wounded.
You hit the gnoll but do no damage.
Your tail-slap misses the gnoll.
The gnoll is severely wounded.
The gnoll closely misses you.
You barely miss the gnoll.
Your tail-slap misses the gnoll.
The gnoll is severely wounded.
The gnoll hits you with a flail!
You die...

### ... .(.
#.## #.. #.#
#)# #(# #@#
#.....g....#
.....?..###.#
.........
#########


You could see a gnoll.

Vanquished Creatures
  A centaur (D:5)
  An ogre (D:5)
  An orc priest (D:5)
  A bullfrog skeleton (D:5)
  2 worker ants
  4 gnolls
  5 adders
  A shadow imp (D:5)
  2 worms
  A dart slug (D:2)
  7 leopard geckos
  4 orcs
  4 bats
  7 giant cockroaches
  10 goblins
  3 hobgoblins
  12 kobolds
  2 quokkas
  7 frilled lizards
  A quokka skeleton (D:4)
  6 rats
82 creatures vanquished.

Notes
Turn   | Place    | Note
-------+----------+-------------------------------------------
     0 | D:1      | greprep the Draconian Skald began the quest for the Orb.
     0 | D:1      | Reached XP level 1. HP: 17/17 MP: 3/3
   284 | D:1      | Reached XP level 2. HP: 17/24 MP: 5/5
   948 | D:2      | HP: 1/25 [poisoned by a kobold]
  1390 | D:2      | Reached XP level 3. HP: 24/30 MP: 6/6
  1703 | D:2      | Found a basalt altar of Yredelemnul.
  1705 | D:2      | Noticed a profane servitor
  1722 | D:2      | Found a glowing golden altar of the Shining One.
  1724 | D:2      | Noticed an angel
  1848 | D:2      | Became a worshipper of the Shining One
  2120 | D:3      | Reached skill level 1 in Short Blades
  2423 | D:3      | Reached XP level 4. HP: 37/37 MP: 7/7
  2428 | D:3      | Found an opulent altar of Gozag.
  3682 | D:4      | Reached skill level 2 in Short Blades
  3692 | D:4      | Reached XP level 5. HP: 32/45 MP: 8/8
  3726 | D:4      | Found a white marble altar of Elyvilon.
  3763 | D:5      | Entered Level 5 of the Dungeon
  3986 | D:5      | Reached * piety under the Shining One
  3988 | D:5      | Noticed a centaur
  4003 | D:5      | Noticed an ogre
  4008 | D:5      | Killed a centaur
  4008 | D:5      | Reached skill level 3 in Short Blades
  4012 | D:5      | Reached XP level 6. HP: 15/51 MP: 9/9
  4046 | D:5      | Reached skill level 4 in Short Blades
  4311 | D:5      | Slain by a gnoll

Skill      XL: |  1  2  3  4  5  6 |
---------------+-------------------+-----
Dodging        | 2 3 |  3.3
Short Blades   | 1 2 3 4 |  4.6
Fighting       | 3 |  3.5
Axes           | |  2.6
Stealth        | |  0.4
Spellcasting   | |  2.2
Charms         | |  2.9

Action                   |  1- 3 |  4- 6 || total
-------------------------+-------+-------++-------
Melee: Hand axe          |   155 |       ||   155
       Tailslap          |    14 |    24 ||    38
       Dagger            |    42 |   175 ||   217
 Cast: Infusion          |     1 |       ||     1
  Use: Scroll            |     5 |     1 ||     6
       Potion            |     3 |     7 ||    10
  Eat: Bread ration      |     1 |     1 ||     2
       Chunk             |       |     6 ||     6
Armor: Skin              |    72 |    64 ||   136
Dodge: Dodged            |   161 |    93 ||   254
